 Dungeon Crawl Stone Soup version 0.24-a0-640-ge7cd8ce796 (webtiles) character file.

Game seed: 14007123350405134646, levelgen mode: deterministic

408 rodlZA the Chopper (level 6, -6/52 HPs)
             Began as a Minotaur Berserker on Sept 25, 2019.
             Was a Believer of Trog.
             Killed by divine providence
             ... invoked by an orc priest
              (14 damage)
             ... on level 4 of the Dungeon.
             The game lasted 00:07:10 (2243 turns).

rodlZA the Chopper (Minotaur Berserker)             Turns: 2243, Time: 00:07:11

Health: -6/52      AC: 11    Str: 24    XL:     6   Next: 57%
Magic:  5/5        EV:  9    Int:  4    God:    Trog [**....]
Gold:   181        SH:  0    Dex:  9    Spells: 5/5 levels left

rFire    . . .     SeeInvis .   a - +0 hand axe
rCold    . . .     Gourm    .   (no shield)
rNeg     . . .     Faith    .   d - +0 chain mail
rPois    .         Spirit   .   (helmet restricted)
rElec    .         Reflect  .   (no cloak)
rCorr    .         Harm     .   e - +0 pair of gloves
MR       .....                  (no boots)
Stlth    ..........             (no amulet)
HPRegen  0.17/turn              (no ring)
MPRegen  0.09/turn              (no ring)

@: no status effects
A: retaliatory headbutt, horns 2
a: Berserk, Trog's Hand, Renounce Religion


You were on level 4 of the Dungeon.
You worshipped Trog.
Trog was pleased with you.
You were near starving.

You visited 1 branch of the dungeon, and saw 4 of its levels.

You collected 181 gold pieces.

Inventory:

Hand Weapons
 a - a +0 hand axe (weapon)
Missiles
 p - 8 javelins (quivered)
Armour
 b - a +0 animal skin
 d - a +0 chain mail (worn)
 e - a +0 pair of gloves (worn)
Jewellery
 y - an uncursed ring of resist corrosion {unknown}
Wands
 t - a wand of paralysis (6)
Scrolls
 h - 3 scrolls of random uselessness {unknown}
 k - a scroll of blinking {unknown}
 l - a scroll of immolation {unknown}
 m - 3 scrolls of identify {unknown}
 n - a scroll of magic mapping {unknown}
 q - a scroll of noise {unknown}
 r - a scroll of enchant weapon {unknown}
 u - a scroll of teleportation {unknown}
 w - a scroll of remove curse {unknown}
Potions
 f - a potion of flight {unknown}
 g - 2 potions of agility
 i - a potion of lignification {unknown}
 j - 2 potions of berserk rage {unknown}
 o - a potion of invisibility {unknown}
 s - 2 potions of curing {unknown}
 v - a potion of brilliance {unknown}
 x - a potion of degeneration {unknown}
Comestibles
 c - 6 rations


   Skills:
 - Level 3.9 Fighting
 + Level 6.8 Axes
 + Level 6.0 Armour
 - Level 2.3 Dodging


You had 5 spell levels left.
You didn't know any spells.
Your spell library was empty.

Dungeon Overview and Level Annotations

Branches:
Dungeon (4/15)
 Temple: D:4-7

Altars:
Dithmenos
Makhleb
Qazlal


Innate Abilities, Weirdness & Mutations

You reflexively headbutt those who attack you in melee.
You have a pair of horns on your head.


Message History

You are too injured to fight recklessly!
You are too injured to fight recklessly!
You are too injured to fight recklessly!
You are too injured to fight recklessly!
You are too injured to fight recklessly!
You are too injured to fight recklessly!
Unknown command.
Your chain mail prevents you from hitting the orc priest.
Your headbutt misses the orc priest. The orc priest barely misses you.
You closely miss the orc priest.
The orc priest mumbles some strange prayers to Beogh against you.
Beogh smites you!
* * * LOW HITPOINT WARNING * * *
You hit the orc priest but do no damage.
You hit the orc priest but do no damage.
You headbutt the orc priest!
The orc priest is severely wounded.
The orc priest calls down the wrath of Beogh upon you.
Beogh smites you!
You die...

...#. #..
#.#.##.. #.
#....... .
#....#.# .#
......# .
##...##.#
#...<[#.#####
#..##........
....
#@o...>..
###.
#.#.####. #.
#.#.# # ... #
..# .... ....
.....


You could see an orc priest.

Vanquished Creatures
  Grinder (D:3)
  A water moccasin skeleton (D:3)
  An orc wizard (D:3)
  Terence (D:3)
  4 gnolls (D:2)
  3 adders
  A dart slug (D:2)
  A leopard gecko (D:2)
  An orc (D:4)
  A giant cockroach (D:3)
  6 goblins
  6 hobgoblins
  3 jackals (D:2)
  A quokka (D:2)
  A ball python (D:3)
  8 bats
  3 frilled lizards
  5 kobolds (D:1)
  8 rats
56 creatures vanquished.

Notes
Turn   | Place    | Note
-------+----------+-------------------------------------------
     0 | D:1      | rodlZA the Minotaur Berserker began the quest for the Orb.
     0 | D:1      | Reached XP level 1. HP: 19/19 MP: 0/0
   199 | D:1      | Reached XP level 2. HP: 27/27 MP: 1/1
   651 | D:2      | Reached XP level 3. HP: 33/33 MP: 2/2
   769 | D:2      | Found a stormy altar of Qazlal.
   785 | D:2      | Reached XP level 4. HP: 30/40 MP: 3/3
   793 | D:2      | Reached skill level 5 in Axes
   806 | D:2      | Reached ** piety under Trog
   823 | D:2      | Found a shadowy altar of Dithmenos.
  1129 | D:3      | Noticed Grinder
  1138 | D:3      | Paralysed by Grinder for 2 turns
  1143 | D:3      | Paralysed by Grinder for 3 turns
  1152 | D:3      | Killed Grinder
  1152 | D:3      | Reached skill level 5 in Armour
  1152 | D:3      | Reached XP level 5. HP: 20/46 MP: 4/4
  1152 | D:3      | Reached XP level 6. HP: 23/52 MP: 5/5
  1414 | D:3      | Noticed Terence
  1444 | D:3      | Killed Terence
  1650 | D:3      | Found a burning altar of Makhleb.
  1650 | D:3      | Noticed a balrug
  1654 | D:3      | Noticed a hellwing
  1654 | D:3      | Noticed a hellwing
  2243 | D:4      | Killed from afar by an orc priest

Levels and vault maps discovered:
D:1:      roderic_chinese_lattice_arrival, layout_loops_cross
D:2:      layout_loops_ring, nicolae_dithmenos_shadow_blocks,
          nicolae_qazlal_eye_of_the_storm, minmay_misc_feat_nine_boxes,
          minmay_fountain_box
D:3:      layout_loops_ring, makhleb_altar_promises_db, uniq_terence,
          uniq_grinder
D:4:      layout_rooms, serial_glass, glass_columns_c, glass_columns_b

Skill      XL: |  1  2  3  4  5  6 |
---------------+-------------------+-----
Axes           | 4 6 |  6.8
Armour         | 3 5 6 |  6.0
Fighting       | |  3.9
Dodging        | |  2.3

Action                   |  1- 3 |  4- 6 || total
-------------------------+-------+-------++-------
Melee: Hand axe          |    71 |    88 ||   159
       Headbutt          |     9 |    12 ||    21
Invok: Berserk           |       |     1 ||     1
  Eat: Ration            |       |     1 ||     1
Armor: Chain mail        |    40 |    43 ||    83
Dodge: Dodged            |    39 |    24 ||    63

Table legend:
 A = Non-vault XP
 B = Vault XP
 C = Vault XP percentage of total XP
 D = Non-vault monster count
 E = Vault monster count
 F = Vault count percentage of total count
                 A         B        C        D         E       F
            +---------+---------+-------+---------+---------+-------
      Total |     276 |     308 |  52.7 |      54 |       2 |   3.6
            +---------+---------+-------+---------+---------+-------
        D:1 |      20 |       0 |   0.0 |      14 |       0 |   0.0
        D:2 |     122 |       0 |   0.0 |      28 |       0 |   0.0
        D:3 |     131 |     308 |  70.2 |      11 |       2 |  15.4
        D:4 |       3 |       0 |   0.0 |       1 |       0 |   0.0
            +---------+---------+-------+---------+---------+-------
